 Dungeon Crawl Stone Soup version 0.27-a0-412-g8dd771eca2 (webtiles) character file.

Game seed: 13016941991382470258

104 Murumi the Chucker (level 4, -2/45 HPs)
             Began as an Ogre Gladiator on Feb 24, 2021.
             Slain by a worm (10 damage)
             ... on level 2 of the Dungeon.
             The game lasted 00:06:48 (2356 turns).

Murumi the Chucker (Ogre Gladiator)                 Turns: 2356, Time: 00:06:49

Health: -2/45      AC:  3    Str: 16 (18) XL:     4   Next: 80%
Magic:  4/4        EV: 10    Int:  9 (10) God:
Gold:   92         SH:  0    Dex:  8 (10) Spells: 3/3 levels left

rFire    . . .     SeeInvis .   h - +0 whip
rCold    . . .     Faith    .   (no shield)
rNeg     . . .     Spirit   .   b - +0 robe
rPois    .         Reflect  .   c - +0 hat
rElec    .         Harm     .   (no cloak)
rCorr    .         Rampage  .   (gloves unavailable)
Will     .....                  (boots unavailable)
Stlth    ++........             (no amulet)
HPRegen  0.15/turn              (no ring)
MPRegen  0.09/turn              (no ring)

@: no status effects
A: large, unfitting armour, tough skin 1
a: no special abilities


You were on level 2 of the Dungeon.
You visited 1 branch of the dungeon, and saw 2 of its levels.

You collected 92 gold pieces.

Inventory:

Hand Weapons
 a - a +0 flail
 h - a +0 whip (weapon)
Missiles
 d - 2 throwing nets
 f - 27 stones (quivered)
 j - 14 poisoned darts
Armour
 b - a +0 robe (worn)
 c - a +0 hat (worn)
Potions
 e - a potion of flight
 g - a potion of ambrosia
 k - a potion of mutation {unknown}
 l - 3 potions of curing


   Skills:
 - Level 3.0 Fighting
 - Level 3.0 Maces & Flails
 + Level 3.3 Throwing
 - Level 3.0 Dodging
 - Level 2.0 Stealth


You had 3 spell levels left.
You didn't know any spells.
Your spell library was empty.

Dungeon Overview and Level Annotations

Branches:
Dungeon (2/15)

Altars:


Innate Abilities, Weirdness & Mutations

You are too large for most types of armour.
You have tough skin. (AC +1)


Message History

The centaur skeleton is moderately damaged.
The centaur skeleton hits you.
You hit the centaur skeleton.
The centaur skeleton is heavily damaged.
The centaur skeleton barely misses you. x2
You completely miss the centaur skeleton.
The centaur skeleton is heavily damaged.
The centaur skeleton hits you.
The centaur skeleton hits you but does no damage.
You hit the centaur skeleton.
The centaur skeleton is heavily damaged.
The centaur skeleton hits you. The centaur skeleton hits you!
You hit the centaur skeleton but do no damage.
The centaur skeleton is heavily damaged.
The centaur skeleton hits you.
You hit the centaur skeleton.
The centaur skeleton is severely damaged.
The centaur skeleton hits you.
You are too injured to fight recklessly!
You are too injured to fight recklessly!
You hit the centaur skeleton.
The centaur skeleton is almost destroyed.
The centaur skeleton hits you.
You hit the centaur skeleton.
You destroy the centaur skeleton!
You feel your intelligence returning.
Training target 3.0 for Throwing reached!
Your Throwing skill increases to level 3!
You need to enable at least one skill for training.
You barely miss the worm. You hit the worm.
The worm is lightly wounded.
The worm bites you!
* * * LOW HITPOINT WARNING * * *
You hit the worm.
The worm is moderately wounded.
You hit the worm.
The worm is heavily wounded.
The worm bites you!
You die...

#.##.#.# #.##...#
#..##..###.#
####..........#
+...............
####......##....
#.....## ###
#w#######
#@....... #+#
#.####### #.# #.#
#.# #.# ##.## #.#
## ##...## #.# .#
##.....# #.# .. .#
#.....#######.# ##
.###.##..........#


You could see a worm.

Vanquished Creatures
  A centaur skeleton (D:2)
  3 adders (D:2)
  A worm (D:2)
  A dart slug (D:1)
  3 giant cockroaches (D:1)
  4 goblins
  6 hobgoblins
  3 kobolds
  12 bats
  2 frilled lizards
  8 rats
44 creatures vanquished.

Notes
Turn   | Place    | Note
-------+----------+-------------------------------------------
     0 | D:1      | Murumi the Ogre Gladiator began the quest for the Orb.
     0 | D:1      | Reached XP level 1. HP: 22/22 MP: 1/1
   450 | D:1      | Reached XP level 2. HP: 30/31 MP: 2/2
   722 | D:1      | Reached skill level 1 in Stealth
   866 | D:1      | Reached XP level 3. HP: 34/37 MP: 3/3
  1844 | D:2      | Reached XP level 4. HP: 20/45 MP: 4/4
  2356 | D:2      | Slain by a worm

Illustrated notes

Levels and vault maps discovered:
D:1:      wander_arrival_fairy_ring, layout_basic, grunt_decor_junction,
          serial_park_tiny_pond, nrook_campfire
D:2:      layout_loops_corners, serial_glass, glass_columns_a, glass_columns_c

Skill      XL: |  1  2  3  4 |
---------------+-------------+-----
Fighting       | 3 |  3.0
Maces & Flails | 3 |  3.0
Dodging        | 3 |  3.0
Stealth        | 1 2 |  2.0
Throwing       | 3 |  3.3

Action                   |  1- 3 |  4- 6 || total
-------------------------+-------+-------++-------
Melee: Flail             |    28 |       ||    28
       Whip              |   146 |    36 ||   182
Throw: Stone             |    50 |    16 ||    66
       Throwing net      |     1 |       ||     1
  Use: Scroll            |     3 |       ||     3
       Potion            |     2 |       ||     2
 Stab: Sleeping          |     1 |     1 ||     2
Armor: Robe              |    75 |     2 ||    77
Dodge: Dodged            |    94 |     9 ||   103

Table legend: (Time is in decaauts)
 A = Elapsed time spent in this place.
 B = Non-inter-level travel time spent in this place.
 C = Inter-level travel time spent in this place.
 D = Time resting spent in this place.
 E = Time spent auto-exploring this place.
 F = Levels seen in this place.
 G = Mean time per level.
                   A        B        C        D        E       F      G
               +--------+--------+--------+--------+--------+-----+--------+
         Total |   2354 |   2272 |     82 |      0 |   1843 |   2 | 1177.0 |
       Dungeon |   2354 |   2272 |     82 |      0 |   1843 |   2 | 1177.0 |
               +--------+--------+--------+--------+--------+-----+--------+

Top non-repeatable levels by time:
     D:1: 1372 daAuts
     D:2: 982 daAuts
